 Dungeon Sprint DCSS version 0.30-a0-4-ga7cffc901d (webtiles) character file.

Game seed: 6998805436795270951

4939 Conn the Scorcher (level 10, -7/50 HPs)
             Began as an Octopode Fire Elementalist on Aug 21, 2022.
             Was a High Priest of Sif Muna.
             Mangled by a sphinx (11 damage)
             ... in the Dungeon (Sprint II: "The Violet Keep of Menkaure").
             The game lasted 00:24:43 (1867 turns).

Conn the Scorcher (Octopode Fire Elementalist)      Turns: 1867, Time: 00:24:43

Health: -7/50      AC:  1    Str:  8    XL:     10   Next: 52%
Magic:  21/44      EV: 15    Int: 27    God:    Sif Muna [*****.]
Gold:   324        SH:  5    Dex: 13    Spells: 2/33 levels left

rFire   + . .      SeeInvis .      - Unarmed
rCold   x . .      Faith    .    (no shield)
rNeg    . . .      Spirit   .    (helmet restricted)
rPois   .          Reflect  +    y - amulet of reflection
rElec   .          Harm     .    c - ring of fire
rCorr   +          Rampage  .    d - ring of magical power
Will    .....      NoTele   +    r - ring of resist corrosion
Stlth   ++++......               k - ring of wizardry
HPRegen 0.16/turn                a - +6 ring of intelligence
MPRegen 0.29/turn                w - ring of magical power
                                 (no ring)
                                 (no ring)

@: no status effects
A: almost no armour, amphibious, 8 rings, camouflage 1, gelatinous body 1,
(nimble swimmer 1), tentacles, frail 1
a: Renounce Religion, Channel Magic, Forget Spell, Divine Exegesis


You were in the Dungeon.
You worshipped Sif Muna.
Sif Muna was extremely pleased with you.
You visited 1 branch You collected 2563 gold pieces.
You spent 2239 gold pieces at shops.

Inventory:

Jewellery
 a - a +6 ring of intelligence (on tentacle)
 c - a ring of fire (left tentacle)
 d - a ring of magical power (right tentacle)
 i - a ring of ice
 k - a ring of wizardry (on tentacle)
 r - a ring of resist corrosion (on tentacle)
 w - a ring of magical power (on tentacle)
 y - an amulet of reflection (around mantle)
Scrolls
 f - 4 scrolls of blinking
 h - a scroll of enchant weapon
 j - a scroll of enchant armour
 n - a scroll of butterflies
 q - a scroll of silence {unknown}
 v - a scroll of immolation
 x - a scroll of fear
Potions
 b - a potion of lignification
 g - a potion of invisibility
 l - 2 potions of magic
 m - a potion of resistance
 o - 3 potions of flight
 p - a potion of brilliance
 s - a potion of curing
 t - a potion of ambrosia {unknown}
 u - a potion of attraction {unknown}


   Skills:
 + Level 0.2 Fighting
 + Level 6.1 Dodging
 - Level 6.9 Stealth
 + Level 3.7 Unarmed Combat
 + Level 12.0 Spellcasting
 * Level 8.2 Conjurations
 + Level 0.1 Hexes
 + Level 15.6 Fire Magic
 + Level 3.0 Ice Magic
 + Level 2.9 Air Magic
 + Level 3.4 Poison Magic
 * Level 6.6 Invocations


You had 2 spell levels left.
You knew the following spells:

 Your Spells              Type           Power      Damage    Failure   Level
a - Foxfire               Conj/Fire      100%       2x1d9     1%          1
b - Conjure Flame         Conj/Fire      88%        6-21      1%          3
c - Inner Flame           Hex/Fire       73%        N/A       1%          3
d - Flame Wave            Conj/Fire      88%        2d19      1%          4
e - Scorch                Fire           100%       2d10      0%          2
f - Mephitic Cloud        Conj/Pois/Air  42%        N/A       1%          3
g - Ignite Poison         Fire/Tmut/Pois 66%        N/A       1%          3
h - Freezing Cloud        Conj/Ice/Air   20%        6-21      6%          5
i - Swiftness             Air            32%        N/A       1%          3
j - Hailstorm             Conj/Ice       46%        3d11      1%          4

Your spell library contained the following spells:

 Spells                   Type           Power      Damage    Failure   Level
 Ensorcelled Hibernation  Hex/Ice        48%        N/A       1%          2
 Passwall                 Tmut/Erth      13%        N/A       2%          2
 Fulminant Prism          Conj/Hex       19%        3d11      2%          4
 Olgreb's Toxic Radiance  Pois           35%        N/A       3%          4
 Corpse Rot               Necr/Pois/Air  27%        N/A       6%          4
 Summon Ice Beast         Ice/Summ       24%        N/A       8%          4
 Anguish                  Hex/Necr       8%         N/A       14%         4
 Dispel Undead            Necr           16%        3d10      14%         4
 Leda's Liquefaction      Hex/Erth       8%         N/A       14%         4
 Death Channel            Necr           8%         N/A       88%         6


Dungeon Overview and Level Annotations

Branches:
Dungeon (1/1)

Altars:
Cheibriados
Dithmenos
Elyvilon
Fedhas
Gozag
Hepliaklqana
Kikubaaqudgha
Makhleb
Nemelex Xobeh
Okawaru
Qazlal
Ru
Sif Muna
Trog
Uskayaw
Vehumet
Wu Jian
Xom
Yredelemnul
Zin
The Shining One
Jiyva
Lugonu

Shops:
D ((:?![[:?=!=[=[

Annotations:
D exclusions: ice statue, obsidian statue and oklob plant


Innate Abilities, Weirdness & Mutations

You cannot wear most types of armour.
You are amphibious.
You can wear up to eight rings at the same time.
Your skin changes colour to match your surroundings (Stealth+).
Your rubbery body absorbs attacks. (AC +1, EV +1)
((You are camouflaged when in or above water. (Stealth+)))
You have tentacles for arms and can constrict up to eight enemies at once.
You are frail. (-10% HP)


Message History

The sphinx seems less confused.
Unknown command.
Casting: Foxfire (safe; 1% risk of failure)
Confirm with . or Enter, or press ? or * to list all spells.
Aiming: Mephitic Cloud (safe; 1% risk of failure)
Press: ? - help, Shift-Dir - straight line, f - sphinx
Aim: a sphinx (heavily wounded, chance to affect: 24%)
The ball explodes into a vile cloud!
The stinking cloud engulfs the sphinx but does no damage.
The sphinx is heavily wounded.
The foxfire hits the sphinx.
The sphinx is heavily wounded.
The foxfire hits the sphinx.
The sphinx is heavily wounded.
The sphinx is engulfed in noxious fumes.
Unknown command.
Unknown command.
Unknown command.
Casting: Mephitic Cloud (safe; 1% risk of failure)
Confirm with . or Enter, or press ? or * to list all spells.
Casting: Hailstorm (dangerous; 1% risk of failure)
Press: ? - help, Dir - look around, f - activate A cannonade of hail descends around you!
The hail pelts the sphinx!
The sphinx is severely wounded.
The sphinx is engulfed in noxious fumes.
Unknown command.
Casting: Hailstorm (dangerous; 1% risk of failure)
Confirm with . or Enter, or press ? or * to list all spells.
Casting: Flame Wave (safe; 1% risk of failure)
Press: ? - help, Dir - look around, f - activate You feel a surge of power!
A wave of flame ripples out!
The flame wave engulfs the sphinx.
The sphinx is severely wounded. (Press . to intensify the flame waves.)
The sphinx is engulfed in blazing flames.
The sphinx hits you!!
* * * LOW HITPOINT WARNING * * *
The sphinx hits you!
You die...

▓▓▓▓▓▓▓§▓▓▓▓+▓
~~~~§§§§§.≈≈≈▓
#####÷###.≈≈≈▓
._..#§~~##≈≈≈▓
_._.#~§≈≈####▓▓▓▓▓
._._#~§§§§##..#$$▓
_._.#§§§§§§#☼.#$.▓
._._#~~§§§§§H§'$$▓
_._.#~§§§§§#..#H@▓
._._#~~§§§§▓..#$$▓
_...#§§§§▓▓▓▓▓▓▓▓▓
#####§§§§▓...≈≈
~~~§~≈≈§≈▓...≈≈
#####≈▓▓▓▓▓▓▓▓▓
#▓▓


You could see 2 sphinxes.

Vanquished Creatures
  A kraken (D)
  2 deep trolls (D)
  A merfolk siren (D)
  A yaktaur (D)
  3 polar bears (D)
  A hornet (D)
  2 wyverns (D)
  4 neqoxecs (D)
  Menkaure (D)
  4 water moccasins (D)
  4 scorpions (D)
  A hell rat (D)
25 creatures vanquished.

Vanquished Creatures (others)
  A water moccasin (D)
  154 foxfires (D)
  92 tentacles (D)
247 creatures vanquished.

Grand Total: 272 creatures vanquished

Notes
Turn   | Place    | Note
-------+----------+-------------------------------------------
     0 | D        | Conn the Octopode Fire Elementalist began the quest for the
                  | Orb.
     0 | D        | Reached XP level 1. HP: 11/11 MP: 3/3
     1 | D        | Noticed a neqoxec
    10 | D        | Gained mutation: You are frail. (-10% HP) [a neqoxec]
    11 | D        | Killed a neqoxec
    12 | D        | Reached skill level 1 in Unarmed Combat
    12 | D        | Reached skill level 7 in Fire Magic
    12 | D        | Reached XP level 2. HP: 4/15 MP: 4/7
    12 | D        | Reached XP level 3. HP: 5/18 MP: 4/8
    12 | D        | Reached XP level 4. HP: 6/24 MP: 5/10
    12 | D        | Reached XP level 5. HP: 7/27 MP: 5/11
    36 | D        | Killed a water moccasin
    45 | D        | Learned a level 2 spell: Scorch
    49 | D        | Learned a level 3 spell: Conjure Flame
    53 | D        | Learned a level 3 spell: Inner Flame
    69 | D        | Noticed a merfolk siren
    80 | D        | Killed a merfolk siren
    81 | D        | Reached skill level 5 in Dodging
    81 | D        | Reached skill level 10 in Fire Magic
    81 | D        | Reached XP level 6. HP: 31/32 MP: 5/15
    81 | D        | Reached XP level 7. HP: 35/36 MP: 5/16
    88 | D        | Noticed Menkaure
    90 | D        | Found a blossoming altar of Fedhas.
    91 | D        | Found a white marble altar of Elyvilon.
    92 | D        | Found a shadowy altar of Dithmenos.
    92 | D        | Found a corrupted altar of Lugonu.
    92 | D        | Found an opulent altar of Gozag.
    92 | D        | Found a burning altar of Makhleb.
    93 | D        | Found a snail-covered altar of Cheibriados.
    93 | D        | Found an ancient bone altar of Kikubaaqudgha.
    93 | D        | Found a bloodstained altar of Trog.
    94 | D        | Found a viscous altar of Jiyva.
    94 | D        | Found a shimmering blue altar of Sif Muna.
    95 | D        | Found a sparkling altar of Nemelex Xobeh.
    95 | D        | Found a hide-covered altar of Uskayaw.
    95 | D        | Found a basalt altar of Yredelemnul.
    97 | D        | Killed Menkaure
    98 | D        | Reached skill level 11 in Fire Magic
    98 | D        | Found a hazy altar of Hepliaklqana.
    98 | D        | Found a sacrificial altar of Ru.
    99 | D        | Found a shimmering altar of Xom.
   100 | D        | Found a stormy altar of Qazlal.
   100 | D        | Found an ornate altar of the Wu Jian Council.
   100 | D        | Found a glowing golden altar of the Shining One.
   101 | D        | Found a radiant altar of Vehumet.
   101 | D        | Found an iron altar of Okawaru.
   101 | D        | Found a glowing silver altar of Zin.
   106 | D        | Became a worshipper of Sif Muna the Loreminder
   129 | D        | Noticed a wyvern
   129 | D        | Noticed a wyvern
   141 | D        | Noticed a neqoxec
   149 | D        | Killed a wyvern
   155 | D        | Killed a wyvern
   156 | D        | Reached skill level 12 in Fire Magic
   160 | D        | Killed a neqoxec
   160 | D        | Reached * piety under Sif Muna
   161 | D        | Reached XP level 8. HP: 23/41 MP: 1/20
   220 | D        | Learned a level 4 spell: Flame Wave
   246 | D        | Reached ** piety under Sif Muna
   258 | D        | Reached skill level 13 in Fire Magic
   264 | D        | Noticed an obsidian statue
   269 | D        | Found Ritibreumu's Armour Shop.
   270 | D        | Found Tukul's Antique Armour Boutique.
   270 | D        | Found Tereduk's Jewellery Boutique.
   271 | D        | Found Imovew's Distillery.
   271 | D        | Found Coimear's Jewellery Shop.
   272 | D        | Found Elaci's Magic Scroll Boutique.
   272 | D        | Found Ojezem's Jewellery Boutique.
   274 | D        | Found Leabresu's Antique Armour Shop.
   274 | D        | Found Ybbeil's Book Shop.
   283 | D        | Found Faqarema's Antique Armour Shop.
   283 | D        | Found Xouqimm's Distillery.
   297 | D        | Reached *** piety under Sif Muna
   311 | D        | Found Hair's Magic Scroll Shop.
   311 | D        | Noticed an ice dragon
   311 | D        | Noticed an oklob plant
   318 | D        | Found Patuer's Antique Weapon Shop.
   318 | D        | Found Vecu's Antique Weapon Boutique.
   318 | D        | Found Tiubahi's Book Shoppe.
   319 | D        | Noticed a wyvern
   319 | D        | Noticed a wyvern
   324 | D        | Noticed a wyvern
   332 | D        | Noticed a hell hog
   337 | D        | Noticed a hell hog
   343 | D        | Bought a scroll of immolation for 40 gold pieces
   343 | D        | Bought 2 scrolls of blinking for 150 gold pieces
   348 | D        | Bought a potion of lignification for 39 gold pieces
   350 | D        | Bought a Trismegistus Codex for 364 gold pieces
   361 | D        | Bought a ring of fire for 350 gold pieces
   600 | D        | Noticed a hornet
   600 | D        | Noticed a polar bear
   601 | D        | Noticed a polar bear
   602 | D        | Noticed a yaktaur
   602 | D        | Noticed a polar bear
   606 | D        | Killed a polar bear
   606 | D        | Killed a polar bear
   607 | D        | Reached skill level 10 in Spellcasting
   607 | D        | Reached skill level 5 in Conjurations
   607 | D        | Reached skill level 14 in Fire Magic
   607 | D        | Reached XP level 9. HP: 45/45 MP: 13/23
   607 | D        | Killed a polar bear
   607 | D        | Reached **** piety under Sif Muna
   607 | D        | Killed a yaktaur
   607 | D        | Killed a hornet
   836 | D        | Learned a level 3 spell: Mephitic Cloud
   840 | D        | Learned a level 3 spell: Ignite Poison
   846 | D        | Learned a level 5 spell: Freezing Cloud
   860 | D        | Noticed a kraken
   977 | D        | Identified a scroll of acquirement
   980 | D        | Acquired 1111 gold pieces
  1070 | D        | Bought a +6 ring of intelligence for 360 gold pieces
  1070 | D        | Bought a ring of wizardry for 300 gold pieces
  1076 | D        | Bought a ring of magical power for 280 gold pieces
  1090 | D        | Bought a scroll of fear for 56 gold pieces
  1093 | D        | Bought an amulet of reflection for 300 gold pieces
  1110 | D        | Learned a level 3 spell: Swiftness
  1586 | D        | Killed a kraken
  1587 | D        | Reached skill level 15 in Fire Magic
  1587 | D        | Reached skill level 5 in Invocations
  1587 | D        | Reached XP level 10. HP: 40/50 MP: 19/25
  1611 | D        | Reached ***** piety under Sif Muna
  1611 | D        | Received a gift from Sif Muna
  1612 | D        | Got Sif Muna's Further Progress in Magic {god gift}
  1623 | D        | Learned a level 4 spell: Hailstorm
  1694 | D        | Noticed a deep troll
  1694 | D        | Noticed a deep troll
  1697 | D        | Killed a deep troll
  1701 | D        | Killed a deep troll
  1743 | D        | Noticed an ice statue
  1748 | D        | HP: 1/50 [ice statue] (24)]
  1852 | D        | Noticed a sphinx
  1852 | D        | Noticed a sphinx
  1867 | D        | Mangled by a sphinx

Illustrated notes

Levels and vault maps discovered:
D:        the_violet_keep_of_menkaure [sprint2_stairs_cluster_1,
          sprint2_shoproom, sprint2_temple, sprint2_basic_supplies,
          sprint2_obstacle_3, sprint2_obstacle_2, sprint2_obstacle_7,
          sprint2_obstacle_5, sprint2_obstacle_1, sprint2_timed_cluster_1,
          sprint2_smallroom_cluster_1, sprint2_smallroom_final_cluster_1,
          sprint2_transparent_cluster_1, sprint2_second_timed_cluster_1,
          sprint2_sniper_area_1, sprint2_heavy_combat_area_1,
          sprint2_mutation_trap_area_1, sprint2_forest_area_1,
          sprint2_light_combat_area_1, sprint2_behind_water_1,
          sprint2_near_end_vault_1]

Skill      XL: |  1  2  3  4  5  6  7  8  9 10 |
---------------+-------------------------------+-----
Dodging        | 3 5 6 |  6.1
Stealth        | 4 6 |  6.9
Unarmed Combat | 1 2 3 |  3.7
Spellcasting   | 4 6 8 10 11 12 | 12.0
Fire Magic     | 7 10 12 14 15 | 15.6
Conjurations   | 2 5 6 8 |  8.2
Invocations    | 2 5 6 |  6.6
Ice Magic      | 2 3 |  3.0
Air Magic      | 2 |  2.9
Poison Magic   | 3 |  3.4
Fighting       | |  0.2
Hexes          | |  0.1

Action                   |  1- 3 |  4- 6 |  7- 9 | 10-12 || total
-------------------------+-------+-------+-------+-------++-------
Melee: Unarmed           |     8 |       |     4 |       ||    12
       Tentacles         |     2 |       |       |       ||     2
       Constrict         |     1 |       |     1 |       ||     2
 Cast: Scorch            |       |     5 |    44 |     2 ||    51
       Inner Flame       |       |     2 |     8 |       ||    10
       Foxfire           |       |     1 |   107 |     2 ||   110
       Conjure Flame     |       |       |     3 |     1 ||     4
       Flame Wave        |       |       |     1 |     5 ||     6
       Mephitic Cloud    |       |       |     4 |     4 ||     8
       Ignite Poison     |       |       |     1 |       ||     1
       Hailstorm         |       |       |       |     1 ||     1
  Use: Potion            |     2 |     2 |     7 |     3 ||    14
       Scroll            |       |       |     7 |     1 ||     8
Armor: Skin              |       |       |       |     2 ||     2
Dodge: Dodged            |     2 |     1 |    12 |     2 ||    17
Block: Other             |       |       |       |     1 ||     1

Table legend: (Time is in decaauts)
 A = Elapsed time spent in this place.
 B = Non-inter-level travel time spent in this place.
 C = Inter-level travel time spent in this place.
 D = Time resting spent in this place.
 E = Time spent auto-exploring this place.
 F = Levels seen in this place.
 G = Mean time per level.
                   A        B        C        D        E       F      G
               +--------+--------+--------+--------+--------+-----+--------+
         Total |   1854 |   1854 |      0 |    748 |      0 |   1 | 1854.0 |
       Dungeon |   1854 |   1854 |      0 |    748 |      0 |   1 | 1854.0 |
               +--------+--------+--------+--------+--------+-----+--------+

Top non-repeatable levels by time:
       D: 1854 daAuts
